 Dungeon Crawl Stone Soup version 0.31-a0-240-gb923e448b6 (webtiles) character file.

Game seed: 9749068789832422570

1395 qw the Skirmisher (level 8, -2/49 HPs)
             Began as a Gargoyle Hexslinger on July 11, 2023.
             Slain by an iguana (11 damage)
             ... on level 6 of the Dungeon.
             The game lasted 00:02:01 (3934 turns).

qw the Skirmisher (Gargoyle Hexslinger)             Turns: 3934, Time: 00:02:01

Health: -2/49      AC: 10    Str: 13    XL:     8   Next: 68%
Magic:  9/9        EV: 16    Int: 13    God:
Gold:   167        SH:  0    Dex: 14    Spells: 8/9 levels left

rFire   . . .        b - +1 orcbow of Prudence {heavy, rElec rC+ Stlth+}
rCold   + . .        (shield currently unavailable)
rNeg    + . .        d - +0 ring mail
rPois   inf          (no helmet)
rElec   +            (no cloak)
rCorr   .            (no gloves)
SInv    +            (no boots)
Will    .....        (no amulet)
Stlth   ++           g - +5 ring of evasion
HPRegen 0.28/turn    j - ring of see invisible
MPRegen 0.11/turn

%: no passive effects
@: no status effects
A: sickness immunity, AC +5, negative energy resistance 1, electricity
resistance, torment resistance 1, petrification resistance
a: no special abilities


You were on level 6 of the Dungeon.
You visited 1 branch of the dungeon, and saw 6 of its levels.
You also visited: Sewer.

You collected 266 gold pieces.
You spent 99 gold pieces at shops.


Innate Abilities, Weirdness & Mutations

You are immune to sickness and miasma.
Your stone body is resilient. (AC +5)
You are immune to poison.
You resist negative energy. (rN+)
You are resistant to electric shocks. (rElec)
You are resistant to unholy torment.
You are immune to petrification.


   Skills:
 + Level 5.3 Fighting
 - Level 9.1 Ranged Weapons
 - Level 1.3 Armour
 - Level 2.3 Dodging
 - Level 1.0 Spellcasting
 - Level 2.6 Hexes


You had 8 spell levels left.
You knew the following spells:

 Your Spells              Type           Power      Damage    Failure   Level
a - Slow                  Hex            28%        N/A       21%         1

Your spell library contained the following spells:

 Spells                   Type           Power      Damage    Failure   Level
 Inner Flame              Hex/Fire       4%         N/A       71%         3
 Portal Projectile        Hex/Tloc       8%         N/A       71%         3
 Cause Fear               Hex            3%         N/A       89%         4

Inventory:

Hand Weapons
 b - the +1 orcbow of Prudence (weapon) {heavy, rElec rC+ Stlth+}
   (You acquired it on level 3 of the Dungeon)

   rC:        It protects you from cold.
   rElec:     It insulates you from electricity.
   Stlth:     It makes you more stealthy.
Armour
 d - a +0 ring mail (worn)
Jewellery
 g - a +5 ring of evasion (left hand)
 j - a ring of see invisible (right hand)
 k - a ring of willpower
Scrolls
 a - a scroll of identify
Potions
 c - a potion of cancellation {unknown}
 e - a potion of heal wounds
 f - 4 potions of might
 h - a potion of enlightenment {unknown}
 i - 2 potions of haste

Dungeon Overview and Level Annotations

Branches:
Dungeon (6/15)              Sewer (visited)
 Temple: D:4-7

Altars:
Ashenzari
Hepliaklqana
Ru
Uskayaw
Vehumet
Xom

Shops:
D:2 *:**   D:3 =   D:4 *


Message History

You kill the black bear!
The iguana barely misses you.
The iguana hisses menacingly.
The iguana closely misses you. The ogre barely misses you.
The ice beast hits you. The ice beast freezes you. You resist.
The iguana closely misses you.
Your Ranged Weapons skill increases to level 9!
3927 ||| Stepping ~*~*~tactically~*~*~ (outnumbered).
The iguana attacks as you move away! The iguana bites you.
The ogre attacks as you move away! The ogre barely misses you.
You shoot an arrow. The arrow barely misses the iguana.
The arrow hits the ogre!
The ogre is heavily wounded.
The iguana bites you. The iguana bites you! The iguana misses you.
The iguana barely misses you.
You shoot an arrow. The arrow hits the iguana.
The iguana is lightly wounded.
The iguana closely misses you. x2
You shoot an arrow. The arrow barely misses the iguana.
The arrow hits the ogre.
The ogre is heavily wounded.
The iguana bites you but does no damage.
The iguana closely misses you.
You shoot an arrow. The arrow hits the ogre!
You kill the ogre!
The iguana closely misses you. The hound bites you.
The iguana barely misses you.
Your Dodging skill increases to level 2!
You shoot an arrow. The arrow barely misses the hound.
The arrow barely misses the iguana.
The hound misses you. The hound barely misses you.
The iguana closely misses you. The hound closely misses you.
You shoot an arrow. The arrow barely misses the hound.
The arrow hits the iguana!!
You kill the iguana!
The hound barely misses you. The iguana barely misses you.
The hound misses you. The iguana misses you.
You shoot an arrow. The arrow hits the hound.
The hound is moderately wounded.
The hound bites you. The hound closely misses you. The iguana bites you!
The hound misses you. The iguana bites you!
You die...

..###.#...#.###
#.....##.##....
#..#.........#.
#......#.#.....
...#S#f#.#...
..##.c.###.....
.........S.......
...######h#.....<
........@l..###..<
.........######...
.........#..<.....
.........#........
.........#........
.........#........
########..........
## #..........
}.}####...#####..


You could see a sleepcap, an iguana, a hound and an adder.

Vanquished Creatures
  Eustachio (D:4)
  2 black bears
  2 ogres
  2 kobold brigands
  2 scorpions
  3 hounds
  A jelly (D:4)
  An orc priest (D:4)
  A sleepcap (D:6)
  5 iguanas
  Ijyb (D:3)
  3 orc wizards (D:5)
  10 adders
  A shadow imp (D:5)
  4 worms
  4 dart slugs
  6 orcs
  8 ball pythons
  11 endoplasms
  2 giant cockroaches (D:1)
  5 goblins
  4 hobgoblins
  6 jackals
  25 kobolds
  5 quokkas
  5 bats
  7 frilled lizards
  11 rats
138 creatures vanquished.

Notes
Turn   | Place    | Note
-------+----------+-------------------------------------------
     0 | D:1      | qw the Gargoyle Hexslinger began the quest for the Orb.
     0 | D:1      | Reached XP level 1. HP: 12/12 MP: 2/2
     0 | D:1      | 0 ||| qw: Version: 0.3-a-52-g30416fa
     0 | D:1      | 0 ||| qw: Game counter: 6000
     0 | D:1      | 0 ||| qw: Melee chars always use a shield: true
     0 | D:1      | 0 ||| qw: God list: Okawaru
     0 | D:1      | 0 ||| qw: Allow faded altars: false
     0 | D:1      | 0 ||| qw: Do Orc after clearing Dungeon:15 true
     0 | D:1      | 0 ||| qw: Do second Lair branch before Depths: true
     0 | D:1      | 0 ||| qw: Lair rune preference: random
     0 | D:1      | 0 ||| qw: Goals: Normal
     0 | D:1      | 0 ||| PLANNING D:1-11
   206 | D:1      | Reached XP level 2. HP: 16/16 MP: 3/3
   257 | D:1      | Reached skill level 3 in Ranged Weapons
   578 | D:1      | 578 ||| UPGRADING to +0 ring mail.
   588 | D:1      | 588 ||| DROPPING +0 robe.
   589 | D:1      | 589 ||| UPGRADING to +5 ring of evasion.
   590 | D:1      | 590 ||| READING scroll labelled VUOVEO XELLI.
   591 | D:1      | 591 ||| DROPPING scroll of poison.
   631 | D:2      | Reached XP level 3. HP: 19/22 MP: 4/4
   665 | D:2      | Found Tuqaibe's Book Emporium.
   777 | D:2      | Reached XP level 4. HP: 27/27 MP: 5/5
   864 | D:2      | Reached skill level 4 in Ranged Weapons
   932 | D:2      | Noticed a shining eye
   937 | D:2      | Noticed a shining eye
   946 | D:2      | Found a faded altar of an unknown god.
   951 | D:2      | Noticed an eye of devastation
   992 | D:2      | Noticed a floating eye
  1055 | D:2      | Found Jecloll's Assorted Antiques.
  1061 | D:2      | 1061 ||| BUYING fizzy brown potion (24 gold).
  1061 | D:2      | Bought a fizzy brown potion for 24 gold pieces
  1061 | D:2      | 1061 ||| BUYING metallic brown potion (24 gold).
  1061 | D:2      | Bought a metallic brown potion for 24 gold pieces
  1061 | D:2      | 1061 ||| BUYING scroll labelled AHICUB URUEDD (27 gold).
  1061 | D:2      | Bought a scroll labelled AHICUB URUEDD for 27 gold pieces
  1061 | D:2      | 1061 ||| SHOPLISTING thin diamond amulet (135 gold, have
                  | 29).
  1074 | D:2      | Found Qogrull's General Store.
  1090 | D:2      | Found Otosiepn's General Store.
  1092 | D:2      | 1092 ||| SHOPLISTING +2 robe of Mukit {rPois} (262 gold,
                  | have 47).
  1092 | D:2      | 1092 ||| SHOPLISTING scroll of enchant armour (90 gold,
                  | have 47).
  1092 | D:2      | 1092 ||| BUYING scroll of identify (24 gold).
  1092 | D:2      | Bought a scroll of identify for 24 gold pieces
  1136 | D:2      | 1136 ||| SHOPLISTING +2 robe of positive energy (176 gold,
                  | have 23).
  1136 | D:2      | 1136 ||| SHOPLISTING 2 potions of heal wounds (120 gold,
                  | have 23).
  1138 | D:2      | 1138 ||| READING 3 scrolls labelled XAODEG MOOGIASS.
  1139 | D:2      | 1139 ||| READING scroll labelled AHICUB URUEDD.
  1140 | D:2      | 1140 ||| DRINKING 2 fizzy brown potions.
  1141 | D:2      | 1141 ||| READING 3 scrolls of identify.
  1141 | D:2      | 1141 ||| IDENTIFYING glowing black potion
  1142 | D:2      | 1142 ||| READING 2 scrolls of identify.
  1142 | D:2      | 1142 ||| IDENTIFYING sedimented sapphire potion
  1143 | D:2      | 1143 ||| DROPPING potion of brilliance.
  1144 | D:2      | 1144 ||| DROPPING 2 scrolls of revelation.
  1145 | D:2      | 1145 ||| DROPPING potion of ambrosia.
  1174 | D:3      | Found Ojunwut's Jewellery Shoppe.
  1175 | D:3      | 1175 ||| PLANNING SEWER
  1198 | D:3      | Reached skill level 1 in Armour
  1199 | D:3      | 1199 ||| SHOPLISTING +5 ring of evasion (396 gold, have
                  | 30).
  1199 | D:3      | 1199 ||| SHOPLISTING +6 ring of dexterity (396 gold, have
                  | 30).
  1199 | D:3      | 1199 ||| SHOPLISTING ring of fire (275 gold, have 30).
  1199 | D:3      | 1199 ||| SHOPLISTING ring of positive energy (220 gold,
                  | have 30).
  1199 | D:3      | 1199 ||| SHOPLISTING ring of protection from cold (275
                  | gold, have 30).
  1237 | D:3      | Reached XP level 5. HP: 31/31 MP: 6/6
  1294 | D:3      | Found a broken altar of Ashenzari.
  1369 | D:3      | Noticed Ijyb
  1383 | D:3      | Killed Ijyb
  1723 | D:3      | Found a glowing drain.
  1724 | D:3      | 1724 ||| READING scroll labelled XAQOCV OTOINN.
  1725 | D:3      | 1725 ||| READING scroll labelled OBOTOI VA XULO.
  1725 | D:3      | Identified a scroll of acquirement
  1725 | D:3      | 1725 ||| ACQUIRING +1 orcbow of Prudence {heavy, rElec rC+
                  | Stlth+}
  1725 | D:3      | Acquired the +1 orcbow of Prudence {heavy, rElec rC+
                  | Stlth+}
  1727 | D:3      | 1727 ||| SWAPPING to +1 orcbow of Prudence {heavy, rElec
                  | rC+ Stlth+}.
  1728 | D:3      | 1728 ||| DROPPING +1 sling.
  1732 | D:3      | 1732 ||| Stepping ~*~*~tactically~*~*~ (water).
  1741 | Sewer    | Entered a sewer
  1756 | Sewer    | Reached skill level 5 in Ranged Weapons
  1765 | Sewer    | Noticed a kobold brigand
  1769 | Sewer    | Killed a kobold brigand
  1770 | Sewer    | Reached skill level 3 in Fighting
  1770 | Sewer    | Reached XP level 6. HP: 29/38 MP: 7/7
  2059 | Sewer    | 2059 ||| Stepping ~*~*~tactically~*~*~ (water).
  2132 | Sewer    | 2132 ||| READING scroll labelled MORRYINISS.
  2133 | Sewer    | 2133 ||| READING scroll labelled JIPTUW LESS.
  2137 | Sewer    | 2137 ||| READING scroll labelled ZIUTIT OPOO.
  2138 | Sewer    | 2138 ||| DRINKING 2 ruby potions.
  2162 | D:3      | 2162 ||| PLANNING D:1-11
  2473 | D:3      | 2473 ||| READING 2 scrolls of identify.
  2473 | D:3      | 2473 ||| IDENTIFYING fuming green potion
  2474 | D:3      | 2474 ||| DROPPING potion of invisibility.
  2511 | D:4      | Noticed Eustachio
  2523 | D:4      | Killed Eustachio
  2524 | D:4      | Reached skill level 6 in Ranged Weapons
  2524 | D:4      | Reached XP level 7. HP: 34/42 MP: 8/8
  2600 | D:4      | Reached skill level 7 in Ranged Weapons
  2680 | D:4      | Found a radiant altar of Vehumet.
  2684 | D:4      | Found Gyretz's General Store.
  3049 | D:5      | Entered Level 5 of the Dungeon
  3057 | D:5      | Found a hide-covered altar of Uskayaw.
  3102 | D:5      | Reached skill level 8 in Ranged Weapons
  3118 | D:5      | Reached XP level 8. HP: 48/48 MP: 9/9
  3232 | D:5      | 3232 ||| READING scroll labelled BUET UBIMNIOWNOET.
  3233 | D:5      | 3233 ||| READING 2 scrolls of identify.
  3233 | D:5      | 3233 ||| IDENTIFYING bubbling ruby potion
  3282 | D:5      | Found a hazy altar of Hepliaklqana.
  3546 | D:5      | Found a shimmering altar of Xom.
  3730 | D:5      | 3730 ||| UPGRADING to ring of see invisible.
  3765 | D:6      | 3765 ||| Stepping ~*~*~tactically~*~*~ (outnumbered).
  3767 | D:6      | 3767 ||| Stepping ~*~*~tactically~*~*~ (outnumbered).
  3769 | D:6      | 3769 ||| Stepping ~*~*~tactically~*~*~ (outnumbered).
  3771 | D:6      | 3771 ||| Stepping ~*~*~tactically~*~*~ (outnumbered).
  3859 | D:6      | Found a sacrificial altar of Ru.
  3927 | D:6      | Reached skill level 9 in Ranged Weapons
  3927 | D:6      | 3927 ||| Stepping ~*~*~tactically~*~*~ (outnumbered).
  3934 | D:6      | HP: 9/49 [iguana (11)]
  3934 | D:6      | Slain by an iguana

Levels and vault maps discovered:
D:1:      dpeg_chamrin_arrival_tetris, layout_basic
D:2:      layout_rooms, hellmonk_ecumenical_altar_watching_god, serial_shops,
          nicolae_shop_tiny_statue_garden, shop, nicolae_shop_statue_plus, shop
D:3:      layout_loops_ring, ashenzari_conservatory_becter, serial_shops,
          nicolae_shop_tiny_statue_garden, cheibrodos_sewer_entry_bend,
          uniq_ijyb
D:4:      layout_rooms, mainiacjoe_overflow_boulevard, serial_corexii_hall,
          corexii_hall_statues_x, corexii_hall_statues_l, serial_shops, shop,
          uniq_eustachio
D:5:      layout_cave_pods, worldfamousw_hep_ancestral_shrine, xom_butterflies,
          eat_drink_and_be_merry_uskayaw, minmay_a_box_with_orc_wizards_in_it
D:6:      layout_basic, trog_wizard, nicolae_ru_sacrificial_ziggurat,
          temple_doors_ab, minmay_fractal_squares_5

Skill      XL: |  1  2  3  4  5  6  7  8 |
---------------+-------------------------+-----
Ranged Weapons | 3 4 5 6 8 9 |  9.1
Fighting       | 2 3 4 5 |  5.3
Armour         | 1 |  1.3
Dodging        | 2 |  2.3
Spellcasting   | |  1.0
Hexes          | |  2.6

Action                     |  1- 3 |  4- 6 |  7- 9 || total
---------------------------+-------+-------+-------++-------
   Fire: Sling             |    82 |   157 |       ||   239
         Orcbow            |       |    90 |   108 ||   198
    Use: Scroll            |     1 |    10 |     2 ||    13
         Potion            |       |     2 |       ||     2
 Armour: Robe              |     2 |       |       ||     2
         Ring mail         |     5 |    99 |    20 ||   124
  Dodge: Dodged            |    23 |   217 |    55 ||   295

Table legend:
 A = Non-vault XP
 B = Vault XP
 C = Vault XP percentage of total XP
 D = Non-vault monster count
 E = Vault monster count
 F = Vault count percentage of total count
                 A         B        C        D         E       F
            +---------+---------+-------+---------+---------+-------
      Total |    1212 |     782 |  39.2 |     100 |      38 |  27.5
            +---------+---------+-------+---------+---------+-------
        D:1 |      32 |       0 |   0.0 |      19 |       0 |   0.0
        D:2 |     100 |       0 |   0.0 |      26 |       0 |   0.0
        D:3 |     209 |      41 |  16.4 |      21 |       2 |   8.7
        D:4 |     329 |     211 |  39.1 |      18 |       1 |   5.3
        D:5 |     232 |     106 |  31.4 |       6 |       3 |  33.3
        D:6 |     310 |     286 |  48.0 |      10 |       3 |  23.1
      Sewer |       0 |     138 | 100.0 |       0 |      29 | 100.0
            +---------+---------+-------+---------+---------+-------
